 Dungeon Crawl Stone Soup version 0.19.3-1-g3169bf9 (webtiles) character file.

211 dngmouse the Poker (level 5, -11/48 HPs)
             Began as a Minotaur Fighter on Jan 25, 2017.
             Killed by divine providence
             ... invoked by an orc priest
              (14 damage)
             ... on level 4 of the Dungeon.
             The game lasted 00:03:55 (2378 turns).

dngmouse the Poker (Minotaur Fighter)               Turns: 2378, Time: 00:03:56

Health: -11/48     AC:  8    Str: 20    XL:     5   Next: 57%
Magic:  4/4        EV: 12    Int:  5    God:
Gold:   206        SH: 10    Dex: 16    Spells: 0 memorised, 4 levels left

rFire  . . .     SeeInvis .     a - +0 trident
rCold  . . .     Gourm    .     b - +0 scale mail
rNeg   + . .     Faith    .     c - +0 shield
rPois  .         Spirit   .     (helmet restricted)
rElec  .         Reflect  .     (no cloak)
rCorr  .         Harm     .     (no gloves)
MR     .....                    o - +0 pair of boots
Stlth  +.........               q - amulet of rage
                                (no ring)
                                p - ring of positive energy

@: agile, lethally poisoned (-11 -> -12)
A: retaliatory headbutt, horns 2
a: Evoke Berserk Rage


You were on level 4 of the Dungeon.
You were not hungry.

You visited 1 branch of the dungeon, and saw 4 of its levels.

You collected 206 gold pieces.

Inventory:

Hand Weapons
 a - a +0 trident (weapon)
Armour
 b - a +0 scale mail (worn)
 c - a +0 shield (worn)
 o - a +0 pair of boots (worn)
Jewellery
 p - a ring of positive energy (left hand)
 q - an amulet of rage (around neck)
Wands
 u - a wand of enslavement (10/24)
Scrolls
 h - a scroll of enchant armour {unknown}
 i - a scroll of remove curse {unknown}
 l - 2 scrolls of identify {unknown}
 m - a scroll of noise {unknown}
 n - 2 scrolls of teleportation {unknown}
 r - 2 scrolls of blinking {unknown}
 t - a scroll of recharging {unknown}
Potions
 d - a potion of might
Books
 w - a book of Minor Magic

   Spells                             Type                      Level
   a - Magic Dart                     Conjuration                  1
   b - Blink                          Translocation                2
   c - Call Imp                       Summoning                    2
   d - Repel Missiles                 Charms/Air                   2
   e - Slow                           Hexes                        2
   f - Conjure Flame                  Conjuration/Fire             3
   g - Mephitic Cloud                 Conjuration/Poison/Air       3
Comestibles
 f - 2 bread rations
 j - 5 meat rations
 k - a slice of pizza
 v - 2 fruits
 x - 4 chunks of flesh


   Skills:
 + Level 5.2 Fighting
 * Level 6.0 Polearms
 - Level 3.6 Armour
 - Level 3.6 Shields


You had 4 spell levels left.
You didn't know any spells.

Dungeon Overview and Level Annotations

Branches:
Dungeon (4/15)
 Temple: D:4-7

Altars:
Gozag
Trog


Innate Abilities, Weirdness & Mutations

You reflexively headbutt those who attack you in melee.
You have a pair of horns on your head.


Message History

You are too injured to fight recklessly!
You are too injured to fight recklessly!
Unknown command.
You are too injured to fight recklessly!
You hit the orc.
The orc is severely wounded.
You feel sick. The orc hits you but does no damage. You block the orc's attack.
You closely miss the orc. You headbutt the orc.
You kill the orc!
The orc hits you from afar with a trident.
* * * LOW HITPOINT WARNING * * *
Things that are here:
a flail; a worker ant corpse You barely miss the orc.
You block the orc's attack.
Your shield and scale mail prevent you from hitting the orc.
You headbutt the orc, but do no damage.
You feel sick. The orc misses you.
You closely miss the orc. The orc misses you.
The orc priest mumbles some strange prayers to Beogh against you.
Beogh smites you!
You die...

#.#.# #.# #.#.# #.# +
#.#.# #.####o####.
#.#.# #o(.oo......
#...# #(############
###.# #o###........#
#.# #....o######.#
#.# #####o# #.# #.#
#@# #.# #.#
#.######.###.## #.#
#.##............ #.#
#........###.#.# #.#
#.##..##.#
#.##########.##.....#
#........÷.†........#
#.##########.##.....#
#.................#.#


You could see an orc priest and an orc.

Vanquished Creatures
  A hound (D:4)
  An orc priest (D:4)
  2 worker ants
  4 adders
  2 oozes (D:1)
  2 dart slugs
  A leopard gecko (D:2)
  4 orcs
  4 bats
  A giant cockroach (D:3)
  4 goblins
  6 hobgoblins
  4 jackals (D:4)
  3 quokkas
  2 frilled lizards (D:2)
  7 kobolds
  9 rats
57 creatures vanquished.

Vanquished Creatures (others)
  A wizard (D:3)
1 creature vanquished.

Grand Total: 58 creatures vanquished

Notes
Turn   | Place    | Note
-------+----------+-------------------------------------------
     0 | D:1      | dngmouse the Minotaur Fighter began the quest for the Orb.
     0 | D:1      | Reached XP level 1. HP: 19/19 MP: 0/0
   190 | D:1      | Reached skill level 3 in Polearms
   190 | D:1      | Reached XP level 2. HP: 26/27 MP: 1/1
   724 | D:2      | Reached XP level 3. HP: 31/33 MP: 2/2
   792 | D:2      | Found an opulent altar of Gozag.
   982 | D:2      | Reached skill level 4 in Polearms
  1454 | D:3      | Reached XP level 4. HP: 41/41 MP: 3/3
  1514 | D:3      | Found a bloodstained altar of Trog.
  1555 | D:3      | Noticed a wizard
  1560 | D:3      | Killed a wizard
  1762 | D:3      | Reached skill level 5 in Polearms
  2294 | D:4      | Reached XP level 5. HP: 40/47 MP: 4/4
  2345 | D:4      | Reached skill level 5 in Fighting
  2347 | D:4      | HP: 2/48 [orc priest/divine providence (12)]
  2367 | D:4      | HP: 2/48 [poisoned by a worker ant]
  2372 | D:4      | Reached skill level 6 in Polearms
  2378 | D:4      | Killed from afar by an orc priest

Skill      XL: |  1  2  3  4  5 |
---------------+----------------+-----
Polearms       | 3 4 5 6 |  6.0
Fighting       | 4 5 |  5.2
Armour         | |  3.6
Shields        | |  3.6

Action                   |  1- 3 |  4- 6 || total
-------------------------+-------+-------++-------
Melee: Trident           |    86 |    92 ||   178
       Headbutt          |    14 |    11 ||    25
  Use: Potion            |       |     4 ||     4
  Eat: Chunk             |       |     5 ||     5
Armor: Scale mail        |    26 |    27 ||    53
Dodge: Dodged            |    17 |    17 ||    34
Block: Shield            |    28 |    49 ||    77
